 Dungeon Crawl Stone Soup version 0.29.1-2-gbd0b4ee654 (webtiles) character file.

Game seed: 3334727908977339945

30 zermelo the Vexing (level 3, -6/28 HPs)
             Began as a Gnoll Arcane Marksman on Nov 30, 2022.
             Mangled by Natasha (7 damage)
             ... on level 1 of the Dungeon.
             The game lasted 00:08:22 (1899 turns).

zermelo the Vexing (Gnoll Arcane Marksman)          Turns: 1899, Time: 00:08:22

Health: -6/28      AC:  2    Str: 11    XL:     3   Next: 18%
Magic:  7/7        EV: 13    Int: 12    God:
Gold:   29         SH:  3    Dex: 12    Spells: 6/7 levels left

rFire   . . .      SeeInvis .   g - +0 spear
rCold   . . .      Faith    .   d - +0 buckler
rNeg    . . .      Spirit   .   c - +0 robe
rPois   .          Reflect  .   (no helmet)
rElec   .          Harm     .   (no cloak)
rCorr   .          Rampage  .   (no gloves)
Will    .....                   (no boots)
Stlth   +.........              (no amulet)
HPRegen 0.09/turn               (no ring)
MPRegen 0.10/turn               (no ring)

@: slowed, very slow
A: fangs 1, strong nose, distributed training
a: no special abilities


You were on level 1 of the Dungeon.
You visited 1 branch of the dungeon, and saw 2 of its levels.

You collected 29 gold pieces.

Inventory:

Hand Weapons
 a - a +1 sling
 g - a +0 spear (weapon)
Missiles
 h - 16 stones
Armour
 c - a +0 robe (worn)
 d - a +0 buckler (worn)
Scrolls
 b - a scroll of poison
 i - a scroll of identify {unknown}
Potions
 e - 2 potions of might {unknown}
 f - a potion of heal wounds {unknown}


   Skills:
 + Level 2.6 Fighting
 + Level 0.7 Short Blades
 + Level 0.7 Long Blades
 + Level 0.7 Axes
 + Level 0.7 Maces & Flails
 + Level 0.7 Polearms
 + Level 0.7 Staves
 + Level 4.5 Ranged Weapons
 + Level 0.7 Throwing
 + Level 0.7 Armour
 + Level 4.5 Dodging
 + Level 0.7 Stealth
 + Level 0.7 Shields
 + Level 0.7 Unarmed Combat
 + Level 2.8 Spellcasting
 + Level 0.5 Conjurations
 + Level 5.4 Hexes
 + Level 0.5 Summonings
 + Level 0.5 Necromancy
 + Level 0.5 Translocations
 + Level 0.5 Transmutations
 + Level 0.5 Fire Magic
 + Level 0.5 Ice Magic
 + Level 0.5 Air Magic
 + Level 0.5 Earth Magic
 + Level 0.5 Poison Magic
 + Level 0.9 Invocations
 + Level 0.7 Evocations


You had 6 spell levels left.
You knew the following spells:

 Your Spells              Type           Power      Damage    Failure   Level
a - Slow                  Hex            56%        N/A       3%          1

Your spell library contained the following spells:

 Spells                   Type           Power      Damage    Failure   Level
 Inner Flame              Hex/Fire       8%         N/A       30%         3
 Portal Projectile        Hex/Tloc       16%        N/A       30%         3
 Cause Fear               Hex            7%         N/A       36%         4
 Ozocubu's Armour         Ice            2%         N/A       63%         3
 Ozocubu's Refrigeration  Ice            1%         4d7       100%        7


Dungeon Overview and Level Annotations

Branches:
Dungeon (2/15)

Altars:

Annotations:
D:1 Natasha


Innate Abilities, Weirdness & Mutations

You have very sharp teeth.
Your uncanny sense of smell can sniff out nearby items.
Your experience applies equally to all skills.


Message History

There is a stone staircase leading down here.
You start resting.
You feel yourself speed up.
You start resting.
HP restored.
You climb downwards.
Level annotation: Natasha Natasha claws you.
The rat twitches its whiskers.
The rat closely misses you. Natasha claws you.
There is a stone staircase leading up, spattered with blood here.
You barely miss Natasha. The rat barely misses you.
Natasha wildly gestures.
You feel troubled.
Natasha casts a spell.
You closely miss Natasha. The rat bites you. Natasha claws you.
You hit Natasha. Your bite misses Natasha.
Natasha is lightly wounded.
The rat misses you. Natasha casts a spell at you.
You feel yourself slow down.
You hit Natasha but do no damage.
Natasha is lightly wounded.
You block the rat's attack. Natasha claws you!
* * * LOW HITPOINT WARNING * * *
The crimson imp misses you. The rat closely misses you. Natasha misses you.
The crimson imp hits you.
* * * LOW HITPOINT WARNING * * *
The rat bites you.
* * * LOW HITPOINT WARNING * * *
Natasha claws you.
* * * LOW HITPOINT WARNING * * *
The crimson imp barely misses you. The rat misses you.
You climb upwards.
The crimson imp disappears in a puff of smoke!
There is a stone staircase leading down here.
Natasha claws you.
* * * LOW HITPOINT WARNING * * *
You block the rat's attack. Natasha claws you!
You die...

#.........##.##
#.#...###
#.........##..#
###.#..##
#.........###.# #.....##
###########
#.###.....####
#..##........#
##..#.....##.#
#############...#.####.#
#.............r...#.##.#
#.............@...#.##.#
#............h....#....#
#...................####
#######..........##.#
#..........##.#
##'############ #####.#
#.....# ###.###


You could see Natasha and a rat.

Vanquished Creatures
  5 endoplasms
  3 giant cockroaches (D:1)
  5 hobgoblins (D:1)
  2 jackals (D:1)
  A kobold (D:1)
  A ball python (D:1)
  4 bats (D:1)
  2 goblins
  A rat (D:1)
24 creatures vanquished.

Notes
Turn   | Place    | Note
-------+----------+-------------------------------------------
     0 | D:1      | zermelo the Gnoll Arcane Marksman began the quest for the
                  | Orb.
     0 | D:1      | Reached XP level 1. HP: 17/17 MP: 4/4
   412 | D:1      | Reached XP level 2. HP: 23/23 MP: 5/5
   705 | D:1      | Found a faded altar of an unknown god.
  1269 | D:1      | Reached XP level 3. HP: 28/28 MP: 7/7
  1630 | D:2      | Noticed Natasha
  1897 | D:2      | HP: 1/28 [Natasha (4)]
  1899 | D:1      | Mangled by Natasha

Illustrated notes

Levels and vault maps discovered:
D:1:      dpeg_arrival_tiny_a, layout_basic,
          hellmonk_ecumenical_altar_heavens_door
D:2:      layout_loops_cross, uniq_natasha

Action                   || total
-------------------------++-------
Melee: Sling             ||    30
       Unarmed           ||    23
       Bite              ||    13
       Spear             ||    87
 Fire: Sling             ||    23
 Cast: Slow              ||     9
Armor: Robe              ||    48
Dodge: Dodged            ||   128
Block: Buckler           ||    17
